AoeStats
← XMaster4000

Arena

509527850Analyzed
3v3 RM · 4d ago on Sep 27, 2026· 29m 30s· 6 players
Game mode
Random Map
Map size
Normal (6 player)
Population
200
Speed
Normal
Resources
Standard
Victory
Conquest
Starting age
Dark Age
Ending age
Imperial Age
RankedLock teamsTeams togetherTeam positionsShared explorationLock speedFull tech treeHidden civsTurbo modeCheats
Victory
Defeat
🇨🇴 Portuguese · Colombia
923
+8
🇨🇴 Franks · Colombia
792
+13
🇺🇸 Celts · United States
778
+14
🇺🇸 Dravidians · United States
786
-14
🇵🇱 Spanish · Poland
748
-12
🇦🇷 Burgundians · Argentina
671
-9
MGGM922
5:23 Loom
12:03 Feudal Age
12:42 Double-Bit Axe
14:57 Wheelbarrow
18:07 Castle Age
17:20 Horse Collar
17:35 Gold Mining
17:37 Stone Mining
19:01 Forging
18:51 Scale Mail Armor
19:56 Hand Cart
23:11 Pikeman
24:09 Chain Mail Armor
24:29 Iron Casting
HyDRO™23
6:07 Loom
11:45 Feudal Age
13:27 Double-Bit Axe
17:32 Wheelbarrow
16:49 Horse Collar
25:26 Castle Age
27:45 Fletching
Vollenbad
0:31 Loom
11:47 Feudal Age
12:19 Double-Bit Axe
16:16 Wheelbarrow
15:27 Town Watch
20:27 Castle Age
18:42 Horse Collar
20:10 Padded Archer Armor
Your Maker
11:40 Feudal Age
13:45 Horse Collar
16:20 Castle Age
14:20 Double-Bit Axe
15:12 Gold Mining
15:56 Scale Mail Armor
17:36 Wheelbarrow
17:44 Loom
18:11 Pikeman
21:23 Gambesons
27:17 Arson
27:55 Forging
El Ravioli
11:24 Feudal Age
15:08 Castle Age
13:58 Loom
14:41 Double-Bit Axe
14:38 Horse Collar
18:25 Heavy Plow
18:37 Bow Saw
21:24 Gold Mining
28:51 Wheelbarrow
XMaster4000
10:22 Loom
12:33 Feudal Age
16:59 Castle Age
16:57 Double-Bit Axe
20:07 Forging
19:22 Man-at-Arms
19:30 Man-at-Arms
20:50 Light Cavalry
Connection lost

Rejoining the realm…

Still unreachable

The connection could not be restored.

Session expired

The server has moved on; the page needs a fresh start.